Map: King Sejong Station LE

Players

Reno

  • Race: Terran Terran
  • League: Platinum
  • Spawn Location: 5:00

Fropez - Winner!

  • Race: Protoss Protoss
  • League: Gold
  • Spawn Location: 11:00

VOD

Have the link to the VOD?

Description

Time

  • Played on: Nov. 15, 2016, 12:22 p.m.
  • Length: 19:49
Show
View Real Time Build Order
Export as new Build Order

Reno Terran 

Build Orders:  

Get SALT Encoding   

  12  0:00  SCV  
  13  0:13  SCV  
  14  0:18  Supply Depot  
  14  0:25  SCV  
  15  0:40  SCV  
  15  0:41  Barracks  
  16  0:47  Refinery  
  16  0:54  SCV  
  17  1:03  Supply Depot  
  17  1:06  SCV  
  18  1:18  SCV  
  19  1:35  Orbital Command  
  19  1:37  Barracks Reactor  
  19  1:43  Refinery  
  19  2:04  SCV  
  20  2:16  SCV  
  20  2:18  Factory  
  21  2:23  Barracks Tech Lab  
  21  2:28  Command Center  
  21  2:50  Marine  
  22  2:51  SCV  
  23  3:03  SCV  
  23  3:04  Barracks  
  24  3:06  Barracks  
  28  3:15  Marauder  
  26  3:21  Starport  
  26  3:26  Factory Tech Lab  
  26  3:48  Siege Tank  
  28  3:54  Marauder  
  30  3:58  Medivac x2  
  30  4:01  Marine  
  30  4:02  Marine  
  36  4:45  Marine x3  
  37  4:47  Stimpack  
  37  4:48  Siege Tank  
  37  4:51  Orbital Command  
  42  5:00  Engineering Bay  
  42  5:03  Marine  
  43  5:19  SCV  
  44  5:24  Marauder  
  46  5:30  Marine x2  
  46  5:31  SCV x2  
  50  5:36  Supply Depot  
  50  5:43  SCV x2  
  50  5:44  Missile Turret  
  50  5:47  Missile Turret  
  52  5:55  SCV x2, Supply Depot  
  54  5:58  Siege Tank  
  54  6:01  Refinery  
  57  6:07  SCV x2, Missile Turret  
  59  6:14  Marine, Marauder  
  59  6:16  Marine  
  63  6:19  Supply Depot  
  63  6:21  SCV  
  54  7:01  Marine x3  
  53  7:03  Medivac x2  
  53  7:04  Siege Tank  
  62  7:11  SCV x2  
  59  7:48  Marine x3  
  59  7:50  Siege Tank  
  65  7:54  Medivac x2  
  69  8:07  Marauder  
  53  8:40  Marine x3  
  54  8:41  Siege Tank  
  54  8:42  Medivac x2  
  61  8:58  Marine x3  
  52  9:24  Marine x2, Marauder  
  52  9:26  Siege Tank  
  52  9:27  Medivac x2  
  60  9:40  Liberator  
  60  9:42  Marine  
  61  9:46  Marauder  
  61  9:47  Marine  
  67  10:00  Marine  
  67  10:05  Marine  
  69  10:10  Marauder  
  69  10:11  SCV  
  72  10:18  Marine  
  73  10:23  Marine  
  73  10:26  Orbital Command  
  73  10:27  Liberator  
  74  10:31  Marauder  
  78  11:06  Marine x2  
  78  11:10  Liberator  
  77  11:16  Marauder  
  77  11:23  Marine  
  67  12:23  Marine x2, Marauder  
  71  12:41  Marine x2  
  73  12:44  Marine  
  74  12:58  Marine x2  
  74  13:02  Marine  
Show
View Real Time Build Order
Export as new Build Order

Fropez Protoss - Winner!

Build Orders: 1 Gate Expand 

Get SALT Encoding   

  12  0:01  Probe (Chrono Boost)  
  13  0:14  Pylon  
  13  0:18  Probe (Chrono Boost)  
  14  0:31  Probe (Chrono Boost)  
  14  0:34  Gateway  
  15  0:48  Gateway  
  15  1:02  Probe (Chrono Boost)  
  16  1:06  Assimilator  
  16  1:13  Probe (Chrono Boost)  
  17  1:24  Probe (Chrono Boost)  
  18  1:33  Pylon  
  18  1:43  Nexus  
  18  1:48  Pylon  
  18  1:49  Probe (Chrono Boost)  
  19  2:01  Assimilator  
  19  2:02  Probe (Chrono Boost)  
  20  2:11  Cybernetics Core  
  20  2:13  Probe (Chrono Boost)  
  21  2:24  Probe (Chrono Boost)  
  21  2:28  Pylon  
  22  2:35  Probe (Chrono Boost)  
  23  2:49  Twilight Council  
  24  2:53  Mothership Core (Chrono Boost)  
  25  3:00  Adept  
  25  3:02  Adept  
  29  3:13  Probe (Chrono Boost)  
  29  3:14  Probe (Chrono Boost)  
  31  3:24  Probe (Chrono Boost)  
  31  3:25  Resonating Glaives (Chrono Boost)  
  32  3:29  Probe (Chrono Boost)  
  33  3:34  Probe (Chrono Boost)  
  33  3:39  Probe (Chrono Boost)  
  35  3:43  Assimilator  
  35  3:53  Pylon  
  35  4:02  Probe (Chrono Boost)  
  36  4:05  Probe (Chrono Boost), Warp Gate (Chrono Boost)  
  36  4:07  Pylon  
  37  4:12  Stalker x2  
  41  4:44  Probe  
  41  4:45  Probe  
  41  4:49  Assimilator  
  41  4:57  Gateway  
  41  4:59  Probe, Gateway  
  42  5:00  Probe  
  42  5:03  Gateway  
  42  5:05  Gateway  
  43  5:07  Gateway  
  43  5:20  Gateway  
  41  5:22  Probe  
  41  5:24  Charge (Chrono Boost)  
  42  5:41  Gateway, Templar Archives  
  42  5:42  Pylon  
  42  5:43  Probe  
  43  6:10  Adept x4  
  43  6:11  Adept x3  
  49  6:54  Adept  
  49  6:55  Adept x6  
  49  6:56  Adept  
  49  6:57  Probe x2  
  61  7:09  Probe x2  
  63  7:16  Adept x3  
  63  7:17  Adept  
  63  7:19  Adept  
  73  7:24  Adept  
  73  8:10  Pylon  
  71  8:13  Pylon  
  59  8:28  Adept x5  
  59  8:29  Adept x3  
  69  8:41  Probe x2  
  63  8:43  Pylon  
  63  8:45  Assimilator  
  61  9:03  Nexus  
  55  9:20  High Templar x3  
  55  9:21  High Templar x5  
  68  9:27  Pylon  
  68  9:33  Archon x3  
  68  9:34  Archon  
  68  9:38  Gateway  
  68  10:03  High Templar x5  
  68  10:04  High Templar  
  80  10:07  Archon x2  
  80  10:08  Archon  
  80  10:12  Probe  
  80  10:13  Probe  
  82  10:15  Probe  
  83  10:22  Pylon  
  83  10:24  Probe  
  83  10:26  Pylon  
  84  10:28  Pylon  
  84  10:32  Pylon  
  84  10:35  Pylon  
  74  10:52  Adept x5  
  74  10:53  Adept x3  
  90  11:00  Probe  
  90  11:01  Probe  
  92  11:05  Assimilator  
  92  11:10  Assimilator  
  92  11:19  Gateway  
  86  11:44  Stalker x2  
  86  11:45  Probe, Stalker x6  
  86  11:46  Probe x2  
  105  11:55  Probe  
  105  11:56  Assimilator  
  105  11:58  Probe  
  105  11:59  Probe  
  108  12:11  Blink (Chrono Boost)  
  108  12:14  Stalker  
  108  12:21  Stalker  
  106  12:31  Stalker  
  106  12:33  Probe x2  
  110  12:37  Pylon  
  110  12:46  High Templar x4  
  110  12:50  Archon x2  
  118  13:03  Robotics Facility  
  100  14:17  Nexus  
  100  14:28  Pylon  
  99  14:39  Pylon  
  99  14:40  Pylon  
  99  14:43  Pylon  
  99  14:45  Pylon x2  
  99  15:03  Mothership Core (Chrono Boost)  
  97  15:36  Assimilator  
  97  15:40  Assimilator  
  97  15:56  Dark Shrine  
  97  15:57  Gateway x2  
  93  16:36  Adept  
  93  16:52  Cybernetics Core  
  93  17:03  Pylon  
  93  17:04  Pylon  
  93  17:06  Pylon  
  93  17:07  Pylon  
  93  17:14  Dark Templar  
  95  17:24  Dark Templar x2  
  95  17:25  Dark Templar  
  101  17:38  Stargate  
  101  18:15  Stalker x3  
  107  18:23  Phoenix (Chrono Boost), Pylon  
  107  18:24  Nexus  
  107  18:26  Pylon, Forge  
  93  18:54  Dark Templar  
  79  19:24  Pylon  
  79  19:29  Stalker  
Tags
 
Add a new tag
Caveats
  • Supply blocks, unpowered buildings, or Contaminate may cause inaccurate times.
  • Supply counts are checked every 10 seconds.